[Event "Early-Titled-Tuesday-Blitz-January-23-2024"]
[Site "Chess.com"]
[Date "2024.01.23"]
[Round "5"]
[White "FM_VS99"]
[Black "supereagles1201"]
[Result "1/2-1/2"]
[WhiteElo "2533"]
[BlackElo "2363"]
[TimeControl "180+1"]
[EndTime "8:56:35 PST"]
[Termination "Game drawn - insufficient material"]

1. d4 d5 2. Nf3 Nf6 3. c4 c6 4.
cxd5 cxd5 5. Nc3 Nc6 6. Bf4 Bf5 7. e3 e6 8. Rc1 Bd6 9. Qb3 O-O 10. Qxb7 Na5 11. Qa6 Bxf4 12. exf4 Rb8 13. Bb5 Nc4 14. O-O Nxb2 15. Qxa7 Ra8 16. Qc5 Nd3 17. Bxd3 Bxd3 18.
Rfd1 Bc4 19. a4 Bb3 20. Re1 Bxa4 21. f5 exf5 22. Re5 Bb3 23. Rxf5 Qa5 24. h3 Rfc8 25. Qxa5 Rxa5 26. Nd2 Bd1 27. Rxd1 Rxc3 28. Nf3 Rca3 29. Re1 Ra1 30. Rxa1 Rxa1+ 31. Kh2 Ra2 32. Kg3 Ne4+ 33.
Kh2 Nf6 34. Kg1 Kf8 35. g4 h6 36. g5 hxg5 37. Nxg5 Rd2 38. Nf3 Rd1+ 39. Kg2 Ke7 40. h4 g6 41. Re5+ Kf8 42. Rg5 Ke7 43. Re5+ Kd6 44.
Ng5 Rxd4 45. Nxf7+ Kd7 46. Kg3 Rg4+ 47. Kh3 Rf4 48. Kg3 Rg4+ 49. Kh3 Re4 50. Rxe4 Nxe4 51. Ne5+ Ke6 52. Nd3 Kf5 53. f3 Nf6 54. Kg3 Nh5+ 55. Kf2 Nf4 56. Nc5 d4 57. Kg3 d3 58. Ne4 Nd5 59.
Kf2 Kf4 60. Kg2 Ke3 61. Kg3 d2 62. Nxd2 Kxd2 63. Kg4 Ke3 64. Kg5 Kxf3 65. Kxg6 Kg4 66. h5 Nf4+ 67. Kh6 Nxh5 1/2-1/2

[Event "Early-Titled-Tuesday-Blitz-January-23-2024"]
[Site "Chess.com"]
[Date "2024.01.23"]
[Round "5"]
[White "Sychev_Klementy"]
[Black "Maftuna2303"]
[Result "1-0"]
[WhiteElo "2778"]
[BlackElo "2442"]
[TimeControl "180+1"]
[EndTime "8:56:39 PST"]
[Termination "Sychev_Klementy won on time"]

1. c4 Nf6 2. Nc3 c5 3. g3 Nc6 4. Bg2 d6 5. e3 g6 6. d4 cxd4 7. exd4 Bg7 8. Nge2 O-O 9. O-O e5 10. dxe5 dxe5 11. Bg5 h6 12. Be3 Be6 13. b3 Qxd1 14. Rfxd1 Rfd8 15. h3 a6 16. Na4 Nd7 17. Nb6 Nxb6 18.
Bxb6 Rxd1+ 19. Rxd1 Bf8 20. Nc3 Kg7 21. Na4 Re8 22. Bc7 Bf5 23. g4 Bc2 24. Rd2 Nd4 25. f4 Bb4 26. Bxe5+ Rxe5 27. Rxd4 Re7 28. c5 Ba3 29.
Rd2 Bb1 30. Kf2 Bb4 31. Re2 Rc7 32. Kg3 Bd3 33. Re3 Bb5 34. Re4 Bxc5 35. Nxc5 Rxc5 36. Re7 b6 37. Re3 a5 38. Bf3 Rc2 39. a3 Bc6 40. Bxc6 Rxc6 41. Kf3 Kf6 42. h4 Rc1 43. g5+ hxg5 44.
hxg5+ Kg7 45. Ke4 Rd1 46. Rd3 Re1+ 47. Kd5 Rf1 48. Rd4 Rf3 49. Kc4 Kf8 50. a4 Ke7 51. b4 axb4 52. Kxb4 Ke6 53. Kb5 Rb3+ 54. Rb4 Ra3 55.
Kxb6 f6 56. gxf6 Kxf6 57. a5 Kf5 58. a6 Rh3 59. a7 Rh8 60. Kb7 Rh7+ 61. Ka6 Rh8 62.
Rb8 1-0

[Event "Early-Titled-Tuesday-Blitz-January-23-2024"]
[Site "Chess.com"]
[Date "2024.01.23"]
[Round "5"]
[White "colegiodemadrid"]
[Black "HajiyevKanan"]
[Result "1-0"]
[WhiteElo "2480"]
[BlackElo "2593"]
[TimeControl "180+1"]
[EndTime "8:56:39 PST"]
[Termination "colegiodemadrid won by resignation"]

1. Nf3 d5 2. c4 c6 3. g3 Nf6 4. Bg2 g6 5. O-O Bg7 6. d3 O-O 7. Nc3 dxc4 8. dxc4 Qxd1 9. Rxd1 Be6 10. Nd2 Rd8 11. b3 Bh6 12. e3 Na6 13. Bb2 Nb4 14. Nde4 Nd3 15. Ba3 Bf8 16. Nxf6+ exf6 17. Bxf8 Kxf8 18.
Bf1 Ne5 19. Ne4 Ke7 20. Be2 b6 21. Kg2 h5 22. h3 c5 23. f4 Nc6 24. Nc3 Nb4 25.
Bf3 Rac8 26. Kf2 Bxh3 27. a3 Rxd1 28. Rxd1 Nc2 29. Rc1 Nxa3 30. Ra1 Nc2 31. Rxa7+ Kf8 32. Nd5 Be6 33. Rb7 Ra8 34. Rxb6 Ra2 35. Nc3 Rb2 36. Na4 Ra2 37. Kg1 Ra1+ 38. Kh2 Ra2 39. Nxc5 Nxe3+ 40.
Kg1 Ra1+ 41. Kf2 Ng4+ 42. Bxg4 Bxg4 43. Ke3 Ra2 44. b4 Rg2 45. Kd4 Rxg3 46. Ne4 Rg2 47. Nxf6 Bf5 48. c5 Kg7 49. Ne8+ Kf8 50. Rb8 h4 51.
Nd6+ Kg7 52. Nxf5+ gxf5 53. Re8 h3 54. Re3 h2 55. Rh3 Rb2 56. Kc4 Kf6 57. Kb5 Ke6 58.
Kb6 Kd5 59. b5 Ke4 60. c6 Kxf4 61. c7 Rc2 62. Kb7 Kg4 63. Rxh2 Rxh2 64. c8=Q Rh6 65. Qg8+ Rg6 66. Qxf7 Rg5 67. Qe6 Kg3 68. Ka6 f4 69. b6 f3 70. b7 f2 71. Qe3+ Kg2 72.
Qxg5+ Kh1 73. Qh4+ Kg2 74. Qxf2+ Kxf2 75. b8=Q 1-0

[Event "Early-Titled-Tuesday-Blitz-January-23-2024"]
[Site "Chess.com"]
[Date "2024.01.23"]
[Round "5"]
[White "dirk_da_player"]
[Black "Goffredo_Fofi"]
[Result "1-0"]
[WhiteElo "2388"]
[BlackElo "2536"]
[TimeControl "180+1"]
[EndTime "8:56:39 PST"]
[Termination "dirk_da_player won by resignation"]

1. e4 g6 2. d4 Bg7 3. Nc3 c6 4. Be3 d5 5. e5 f6 6. exf6 Nxf6 7. Nf3 O-O 8. Be2 Ng4 9. Bg5 Qd6 10. h3 Nf6 11.
O-O Nbd7 12. Bd3 e5 13. dxe5 Nxe5 14. Nxe5 Qxe5 15. Qd2 Nh5 16. Rae1 Qd4 17. Be3 Qf6 18. Bg5 Qd4 19. Re7 Nf4 20. Ne2 Nxe2+ 21. Qxe2 Qb6 22. b3 Bf5 23. Rxg7+ Kxg7 24. Qe5+ Kg8 25. Bh6 Rf7 26.
Bxf5 gxf5 27. Qg3+ Kh8 28. Bf4 h6 29. Qg6 Rg7 30.
Be5 Qc7 31. Qxh6+ Kg8 32. Bxg7 Qxg7 33. Qe6+ Qf7 34. Qe5 Re8 35. Qg3+ Qg7 36. Qxg7+ Kxg7 37. Rc1 Re2 38. Kf1 Re4 39. Re1 Rd4 40. Ke2 Kf6 41. f3 f4 42. Rd1 Rb4 43. c3 Rb6 44. Rd4 Kf5 45. Rd1 a5 46. Kd3 Ra6 47. a4 c5 48.
Re1 Rd6 49. Re7 b6 50. Rf7+ Kg5 51. Rf8 Re6 52. Rd8 Re3+ 53. Kd2 Re5 54. Rd6 c4 55. Rxb6 cxb3 56. Rxb3 Re3 57. Rb5 Kh4 58. Rxd5 Kg3 59. Rf5 Kf2 60. Rxf4 Re2+ 61. Kd3 Re3+ 62. Kd4 Re2 63.
Rg4 Ra2 64. Kc5 Rc2 65. c4 Rb2 66. Kc6 Rb4 67. c5 1-0

[Event "Early-Titled-Tuesday-Blitz-January-23-2024"]
[Site "Chess.com"]
[Date "2024.01.23"]
[Round "5"]
[White "Chxss_Khxsbu"]
[Black "Laico"]
[Result "0-1"]
[WhiteElo "1781"]
[BlackElo "2342"]
[TimeControl "180+1"]
[EndTime "8:56:39 PST"]
[Termination "Laico won by checkmate"]

1. e4 e6 2. d4 d5 3. Nd2 Nf6 4. Bd3 c5 5. e5 Nfd7 6. c3 Nc6 7. Ngf3 cxd4 8. cxd4 f6 9. exf6 Nxf6 10.
O-O Bd6 11. Re1 O-O 12. Nb3 Qc7 13. h3 e5 14. dxe5 Nxe5 15. Nxe5 Bxe5 16. Bg5 Bxb2 17. Rb1 Be5 18. Bxf6 Bxf6 19. Qh5 g6 20. Qxd5+ Kh8 21.
Rbc1 Qf4 22. Qe4 Qd6 23. Bc4 Bf5 24. Qd5 Qb6 25. Qc5 Qxc5 26. Nxc5 Bd4 27. Bd5 Bxf2+ 28. Kxf2 Be4+ 29. Kg1 Bxd5 30. Rcd1 Bc6 31. Re7 Rae8 32. Rde1 b6 33. Na6 Kg8 34. Nc7 Rxe7 35. Rxe7 Rf7 36. Rxf7 Kxf7 37. Na6 Ke6 38. Nb4 Bd5 39. a3 a5 40. Nd3 Bc4 41. Nb2 Kd5 42. Kf2 Kc5 43. Na4+ Kb5 44. Nc3+ Kc5 45. Ke3 b5 46. Ne4+ Kc6 47.
Kd4 Bd5 48. Nf6 Bxg2 49. Nxh7 Bxh3 50. Ng5 Bf5 51. Nf7 Kb6 52. Ne5 g5 53. Kc3 g4 54.
Nf7 g3 55. Ng5 Bg4 56. Ne4 g2 57. Nd2 g1=Q 58. Ne4 Qe3+ 59. Kc2 Qxe4+ 60. Kb2 Bf5 61. Ka2 Qb1# 0-1

[Event "Early-Titled-Tuesday-Blitz-January-23-2024"]
[Site "Chess.com"]
[Date "2024.01.23"]
[Round "5"]
[White "KononenkoD"]
[Black "KetiTsatsalashvili"]
[Result "0-1"]
[WhiteElo "2542"]
[BlackElo "2428"]
[TimeControl "180+1"]
[EndTime "8:56:42 PST"]
[Termination "KetiTsatsalashvili won on time"]

1. e4 c5 2. Nf3 d6 3. d4 cxd4 4. Nxd4 Nf6 5. Nc3 Nc6 6. Bc4 e6 7. Bb3 a6 8. O-O Be7 9. f4 O-O 10. f5 Nxd4 11. Qxd4 Qc7 12. Kh1 b5 13. Bg5 Rb8 14.
a3 a5 15. Rad1 b4 16. axb4 axb4 17. Ne2 e5 18. Qd3 Bb7 19. Bxf6 Bxf6 20. Ng3 Be7 21. f6 Bxf6 22. Qxd6 Qxd6 23. Rxd6 Bg5 24. Rd7 Bf4 25. Bd5 Bxd5 26. Rxd5 Bxg3 27. hxg3 f6 28. Ra1 Rbc8 29. Rd2 Rfd8 30. Rxd8+ Rxd8 31. Ra4 Rd4 32. Kh2 Rxe4 33. Ra8+ Kf7 34. Rb8 Rc4 35. b3 Rxc2 36. Rxb4 Rb2 37. Rb7+ Kg6 38. g4 e4 39. Kg3 e3 40.
Kf3 e2 41. Kf2 e1=Q+ 42. Kxe1 Rxg2 43. Rb4 Kg5 44. Kf1 Rxg4 45. Rb5+ f5 46. b4 h5 47. Kf2 g6 48. Rb8 h4 49. Kf3 Rg3+ 50. Kf2 Rb3 51. b5 h3 52. b6 Kg4 53. b7 g5 54. Ke2 h2 55. Rh8 Rxb7 56. Kf1 Rb1+ 57. Kg2 h1=Q+ 58. Rxh1 Rxh1 59. Kxh1 Kf3 60. Kg1 Ke2 61. Kg2 f4 62. Kh3 f3 63. Kg4 f2 64. Kg3 f1=Q 65.
Kg4 Qf3+ 66. Kxg5 Ke3 67. Kg6 Qf4 68. Kh5 Ke4 69. Kg6 Qf5+ 70. Kh6 Qg4 71. Kh7 Qg5 72.
Kh8 Kf5 0-1

[Event "Early-Titled-Tuesday-Blitz-January-23-2024"]
[Site "Chess.com"]
[Date "2024.01.23"]
[Round "5"]
[White "Der_Balak_3Halak"]
[Black "Lennis93"]
[Result "1/2-1/2"]
[WhiteElo "2327"]
[BlackElo "2649"]
[TimeControl "180+1"]
[EndTime "8:56:45 PST"]
[Termination "Game drawn by repetition"]

1. e4 c5 2. Nf3 Nc6 3. Bb5 g6 4. O-O Bg7 5. c3 Nf6 6. Re1 O-O 7. d4 cxd4 8. cxd4 d5 9. e5 Ne4 10. Nbd2 Qb6 11. Bxc6 Qxc6 12. Nxe4 dxe4 13. d5 Qc4 14. b3 Qb5 15. Rxe4 Bf5 16. Re2 Bg4 17. Rd2 Bxe5 18.
Bb2 Bxb2 19. Rxb2 Rfd8 20. Rd2 Rd7 21. h3 Bxf3 22. Qxf3 Rad8 23. Rad1 Rd6 24. g3 Qc5 25. Kg2 b5 26. Rd4 Kg7 27. Qe3 R8d7 28. Qe5+ Rf6 29.
Rf4 Qd6 30. Qxd6 Rfxd6 31. Re4 Rc7 32. Rd2 a5 33. a4 b4 34. Kf3 Rc3+ 35. Re3 Rc7 36.
Rde2 Kf6 37. Re5 Rc3+ 38. Kg2 Rd7 39. g4 Rxb3 40. g5+ Kg7 41. Rxe7 Rxd5 42. h4 h6 43.
gxh6+ Kxh6 44. Rxf7 Rd4 45. Ree7 Rg4+ 46. Kf1 Rxh4 47.
Rh7+ Kg5 48. Rxh4 Kxh4 49. Re4+ Kh3 50. Re6 g5 51. Re5 Kg4 52. Rxa5 Ra3 53. Rb5 Rxa4 54.
Kg2 Kf4 55. Rb8 g4 56. Rb5 Ke4 57. Kg3 Kd3 58. Kxg4 b3+ 59. f4 Kc3 60. Kg5 Rb4 61. Rc5+ Kd2 62. Rd5+ Ke2 63. Re5+ Kf2 64. Rd5 b2 65.
Rd1 b1=Q 66. Rxb1 Rxb1 67. f5 Ke3 68. f6 Rf1 69. Kg6 Ke4 70. f7 Ke5 71. Kg7 Rg1+ 72. Kh7 Rh1+ 73. Kg7 Rg1+ 74. Kh7 Rf1 75. Kg7 Rg1+ 1/2-1/2

[Event "Early-Titled-Tuesday-Blitz-January-23-2024"]
[Site "Chess.com"]
[Date "2024.01.23"]
[Round "5"]
[White "GHANDEEVAM2003"]
[Black "rezamahdavi2008"]
[Result "1/2-1/2"]
[WhiteElo "3031"]
[BlackElo "2856"]
[TimeControl "180+1"]
[EndTime "8:56:47 PST"]
[Termination "Game drawn by repetition"]

1. c4 e6 2. Nf3 Nf6 3. g3 d5 4. Bg2 d4 5. O-O c5 6. e3 Nc6 7. exd4 cxd4 8. Re1 Bd6 9. d3 O-O 10. Bg5 h6 11. Bxf6 Qxf6 12. Nbd2 Qe7 13. a3 a5 14. Qc2 Bd7 15. Rac1 Rfd8 16. c5 Bc7 17. Qc4 Be8 18. Qb5 Nb4 19. Qc4 Nc6 20.
h4 a4 21. Ne4 Na5 22. Qc2 Nb3 23. Rcd1 Ba5 24. Nfd2 Nxd2 25. Nxd2 Rac8 26. Rc1 Bxd2 27. Qxd2 Rxc5 28. Qb4 Rdc8 29. Bxb7 R8c7 30. Rxc5 Qxc5 31.
Qxc5 Rxc5 32. Ba6 Bb5 33. Bxb5 Rxb5 34. Re2 Rb3 35. Rd2 e5 36. Kf1 f5 37. Ke2 Kf7 38. Kd1 Ke6 39. Kc2 Kd5 40. f3 Rb8 41. Rf2 Rc8+ 42. Kb1 Rb8 43. g4 Rf8 44. gxf5 Rxf5 45. b4 g5 46. hxg5 hxg5 47. b5 g4 48. b6 Kc6 49.
Rb2 Kb7 50. fxg4 Rg5 51. Rg2 Kxb6 52. Kc2 Kc5 53. Rg1 Kd5 54. Kd2 e4 55. dxe4+ Kxe4 56. Ke2 d3+ 57. Kd2 Kd4 58. Rg3 Kc4 59. Rg2 Kd4 60. Rg1 Ke4 61. Rg3 Kf4 62. Rxd3 Kxg4 63. Kc3 Kf5 64. Kb4 Rg4+ 65. Kb5 Ke6 66. Kc6 Rc4+ 67.
Kb5 Rh4 68. Kc5 Rg4 69. Rd2 Rh4 70. Rd3 Rg4 71. Kc6 Rc4+ 72. Kb6 Rh4 73. Kc5 1/2-1/2

[Event "Early-Titled-Tuesday-Blitz-January-23-2024"]
[Site "Chess.com"]
[Date "2024.01.23"]
[Round "5"]
[White "Zhigalko_Sergei"]
[Black "DenLaz"]
[Result "0-1"]
[WhiteElo "2973"]
[BlackElo "3093"]
[TimeControl "180+1"]
[EndTime "8:56:51 PST"]
[Termination "DenLaz won on time"]

1. e4 e5 2. Nf3 Nc6 3. Bc4 Bc5 4.
O-O Nf6 5. d3 d6 6. Nbd2 O-O 7. c3 a6 8. Bb3 Ba7 9. h3 h6 10. Re1 Be6 11. Nf1 Bxb3 12. Qxb3 Qd7 13. Be3 Bxe3 14. Nxe3 Ne7 15. Rad1 Ng6 16. Kh2 Rfe8 17. g3 b5 18. Qc2 d5 19. Kg2 c5 20.
Nh2 Qc6 21. Nhg4 Nxg4 22. hxg4 Ne7 23. Kg1 Rad8 24. exd5 Nxd5 25. Nf5 Qg6 26. Qe2 h5 27. Ne3 hxg4 28. Qxg4 Qxg4 29. Nxg4 f6 30. Ne3 Kf7 31. Kf1 Nb6 32. Ke2 Rd7 33. b3 Red8 34. c4 b4 35.
Rd2 a5 36. Rh1 a4 37. f3 axb3 38. axb3 Ra8 39. Rb2 Ra3 40. g4 Rda7 41. Nf5 g6 42. Ng3 Kg7 43. Ne4 Nd7 44. Nd6 Ra2 45. Rb1 Rxb2+ 46.
Rxb2 Ra6 47. Ne8+ Kf7 48. Nc7 Ra7 49. Nd5 Nf8 50. f4 exf4 51. Nxf4 Ne6 52. Nxe6 Kxe6 53.
Ke3 Ke5 54. Rh2 f5 55. gxf5 gxf5 56. Rh8 f4+ 57. Kf3 Kd4 58. Rh5 Rf7 59. Rd5+ Kc3 60. Rxc5 Kxb3 61. Rb5 Kc3 62. c5 b3 63. c6 Rc7 64.
Kxf4 Rxc6 65. Ke3 Re6+ 66. Kf4 Rd6 67. Ke4 Rd4+ 68. Ke3 Rxd3+ 69. Ke2 Rd2+ 70. Ke1 Rd4 71. Rc5+ Kb2 72. Ke2 Kb1 73. Ke3 Rd8 74. Rc7 b2 75. Ke2 Ra8 76. Kd2 Ka1 77. Rc8 Rxc8 0-1

[Event "Early-Titled-Tuesday-Blitz-January-23-2024"]
[Site "Chess.com"]
[Date "2024.01.23"]
[Round "5"]
[White "AljoschaFeuerstack"]
[Black "Rikikits"]
[Result "1/2-1/2"]
[WhiteElo "2624"]
[BlackElo "2839"]
[TimeControl "180+1"]
[EndTime "8:56:51 PST"]
[Termination "Game drawn - insufficient material"]

1. e4 c6 2. d3 d5 3. Nd2 e5 4. Ngf3 Bd6 5. g3 Ne7 6. Bg2 O-O 7. O-O h6 8. Re1 Ng6 9. exd5 cxd5 10. c4 d4 11. a3 a5 12. c5 Bc7 13. Nc4 Nc6 14. Bd2 Be6 15. Qb3 Rb8 16. Qb5 Bd5 17. Nb6 Bxb6 18. cxb6 Qd6 19. Bxa5 Nxa5 20. Qxa5 Rfe8 21. Rac1 Rbd8 22. Rc7 Re6 23. Rec1 Qxb6 24. Qxb6 Rxb6 25. b4 Bc6 26. Nd2 Bxg2 27. Kxg2 Ra6 28. Nc4 b5 29. Na5 Re6 30. Rb7 e4 31. dxe4 Rxe4 32. Rxb5 d3 33. Rd1 Ne5 34. Nb3 Nc4 35. Nd2 Red4 36. Nxc4 Rxc4 37. Re5 d2 38. Re2 Rc2 39. b5 Rb2 40. a4 g6 41. Kf3 Rd3+ 42. Re3 Rd4 43. Re4 Rb3+ 44. Kf4 Rd5 45. Re5 Rdd3 46. Re2 Rd4+ 47. Ke5 Rxa4 48. Rexd2 Rxb5+ 49. Rd5 Rb2 50. R5d2 Rb6 51. Rd6 Rb2 52. R1d2 Raa2 53. Rxb2 Rxb2 54. f4 Rxh2 55. Kf6 Rg2 56. Rd8+ Kh7 57. Rd3 Kg8 58. Rd8+ Kh7 59. Rd3 h5 60. Kxf7 Rf2 61. Kf6 Kh6 62. Rd8 Kh7 63. Rd7+ Kh6 64. Rd8 Kh7 65. Kg5 Rf3 66.
Rd7+ Kg8 67. g4 hxg4 68. Kxg6 Kf8 69. Kg5 g3 70. Kf6 Rxf4+ 71. Ke5 Rf7 72. Rd8+ Kg7 73. Rd2 Rf2 74. Rd1 Kg6 75. Rg1 g2 76. Ke4 Kg5 77.
Ke3 Ra2 78. Kf3 Ra3+ 79. Kxg2 Kf4 80. Rf1+ Kg4 81. Rf2 Rg3+ 82. Kf1 Rf3 83. Rxf3 Kxf3 1/2-1/2

[Event "Early-Titled-Tuesday-Blitz-January-23-2024"]
[Site "Chess.com"]
[Date "2024.01.23"]
[Round "5"]
[White "inneremptiness"]
[Black "Iskusnyh"]
[Result "1/2-1/2"]
[WhiteElo "2885"]
[BlackElo "2658"]
[TimeControl "180+1"]
[EndTime "8:56:53 PST"]
[Termination "Game drawn - insufficient material"]

1. Nf3 d5 2. c4 c6 3. d4 Nf6 4.
Nc3 e6 5. e3 a6 6. c5 Nbd7 7. Rb1 g6 8. Bd3 Bg7 9. O-O O-O 10. b4 Qc7 11. Ne2 e5 12. dxe5 Ng4 13. Ned4 Ndxe5 14. Nxe5 Bxe5 15. g3 Bg7 16. Bb2 Ne5 17.
Be2 Bh3 18. Re1 Rfe8 19. Nf3 Bf5 20. Bxe5 Bxe5 21. Nxe5 Bxb1 22. Ng4 Bf5 23. Nf6+ Kh8 24. Nxe8 Rxe8 25. Qd4+ Kg8 26. Bf3 Be4 27. Bg4 h5 28.
Bd1 h4 29. Bg4 hxg3 30. hxg3 Qe7 31. f3 Bc2 32. Kf2 f5 33. Rh1 Qg7 34. Qxg7+ Kxg7 35. Bh3 Bd3 36. Bg2 Ra8 37. Rd1 Bc4 38. a3 a5 39.
Rd2 axb4 40. axb4 Ra3 41. Rb2 Kf6 42. f4 g5 43. Bf3 g4 44. Be2 Ke6 45. Bd1 Kd7 46.
Bc2 Ke6 47. Bd1 Bd3 48. Be2 Kd7 49. Bd1 Kc7 50. Bb3 b6 51. cxb6+ Kxb6 52. b5 Bc4 53.
Bc2 Bd3 54. bxc6+ Kxc6 55. Bb3 Bc4 56. Bc2 Bd3 57. Bxd3 Rxd3 58. Ke2 Rc3 59. Ra2 Kc5 60.
Ra5+ Kc4 61. Ra4+ Kc5 62. Ra8 Rc2+ 63. Kd3 Rg2 64. Rf8 Rxg3 65. Rxf5 Rf3 66. Rg5 g3 67. Ke2 Rf2+ 68. Kd3 g2 69. e4 Rf3+ 70. Ke2 Rxf4 71. Rxd5+ Kc4 72. Rg5 Rxe4+ 73. Kf3 Rd4 74. Rxg2 Rd3+ 75.
Kf2 Rd2+ 76. Kg3 Rxg2+ 77. Kxg2 1/2-1/2

[Event "Early-Titled-Tuesday-Blitz-January-23-2024"]
[Site "Chess.com"]
[Date "2024.01.23"]
[Round "5"]
[White "Grandelicious"]
[Black "BogdanDeac"]
[Result "1/2-1/2"]
[WhiteElo "2909"]
[BlackElo "3077"]
[TimeControl "180+1"]
[EndTime "8:56:54 PST"]
[Termination "Game drawn - insufficient material"]

1. Nf3 d5 2. e3 Nf6 3. c4 dxc4 4.
Bxc4 e6 5. O-O a6 6. Qe2 c5 7. Rd1 Be7 8. d4 Qc7 9. dxc5 Bxc5 10. a3 b5 11. Bd3 Bb7 12. b4 Bd6 13. Bb2 Nbd7 14.
Nbd2 O-O 15. Rac1 Qb8 16. h3 Rd8 17. Nb3 Bc7 18. Nc5 Bxf3 19. Qxf3 Ne5 20. Bxe5 Bxe5 21.
Be4 Ra7 22. Rxd8+ Qxd8 23. Bb7 Bd6 24. Nxe6 Qd7 25. Rc8+ Ne8 26. Rd8 Qxe6 27. Bc6 Re7 28. Qg4 f5 29. Qd1 Kf8 30. Qh5 g6 31. Qh6+ Kg8 32.
Qg5 Kf8 33. Qh6+ Kg8 34. Qh4 Kg7 35. Qd4+ Be5 36. Qb6 Bf6 37. Qb8 Kf8 38. Bd7 Qe5 39. Qc8 Kf7 40. Bxe8+ Rxe8 41. Rd7+ Re7 42. Rxe7+ Qxe7 43. Qxa6 Qd7 44. g3 Be7 45. Kg2 Kg7 46. Qa8 Bf6 47. Qb8 Qd5+ 48. Kg1 Qd7 49. Qa8 Bb2 50. Qa6 h6 51. Qa8 h5 52. Kg2 h4 53. gxh4 Kh7 54. h5 gxh5 55. Qf3 Qg7+ 56. Kf1 Qf7 57. Qe2 Bxa3 58. Qxb5 Bb2 59. Qc6 Be5 60. b5 Qc7 61.
Qe6 f4 62. Qf5+ Kg7 63. Qxh5 fxe3 64. Qg5+ Kf7 65. Qxe3 Qc4+ 66. Qe2 Qc1+ 67. Kg2 Qc5 68. Qf3+ Ke7 69. Qb7+ Kf6 70. Qc6+ Qxc6+ 71. bxc6 Ke6 72.
Kf3 Bh2 73. Ke4 Kd6 74. h4 Kxc6 75. h5 Bd6 76. h6 Bf8 77. h7 Bg7 78. Kf5 Kd6 79.
Kg6 Bh8 80. f4 Ke7 81. f5 Bf6 82. h8=Q Bxh8 83. f6+ Bxf6 1/2-1/2

[Event "Early-Titled-Tuesday-Blitz-January-23-2024"]
[Site "Chess.com"]
[Date "2024.01.23"]
[Round "5"]
[White "Pliukha_Mikhail"]
[Black "KnobbedHornbill"]
[Result "0-1"]
[WhiteElo "2736"]
[BlackElo "2590"]
[TimeControl "180+1"]
[EndTime "8:56:59 PST"]
[Termination "KnobbedHornbill won by resignation"]

1. e4 c5 2. d4 cxd4 3. Qxd4 Nc6 4. Qd3 e6 5. Nc3 Nf6 6. Bf4 a6 7. Be2 b5 8. e5 Nb4 9. Qd2 Nfd5 10. Nxd5 Nxd5 11.
Bg3 Bb7 12. Nf3 Rc8 13. O-O Be7 14. c3 O-O 15. a4 Qb6 16. Rfd1 Rfd8 17. h4 h6 18. h5 Bc6 19. a5 Qb7 20. Nd4 d6 21. Bf3 Bg5 22. Qe2 dxe5 23. Bxe5 Qe7 24. Nxc6 Rxc6 25. Rd3 Rcc8 26. Rad1 Nf4 27. Rxd8+ Rxd8 28. Rxd8+ Qxd8 29. Qe4 Qd2 30. Qa8+ Kh7 31. Be4+ f5 32. Bf3 Qe1+ 33. Kh2 Qxf2 34. Qb7 Qh4+ 35. Kg1 Qe1+ 36. Kh2 Qxe5 37. g3 Ne2 38. Bxe2 Qxe2+ 39. Kh3 Qxh5+ 40. Kg2 Qe2+ 41. Kh3 Qg4+ 42. Kh2 Qe4 43. Qxa6 Qe2+ 44. Kh3 Qf1+ 45. Kh2 Qf2+ 46. Kh3 Qg1 47.
Qc6 Qf1+ 48. Kh2 Qf2+ 49. Kh3 Qf1+ 50. Kh2 Qe2+ 51. Kh3 Qg4+ 52. Kg2 Bf4 53. Qxe6 Qxg3+ 54. Kf1 Qf3+ 55. Ke1 Bg3+ 56. Kd2 Bf4+ 57. Kc2 Qe4+ 58. Qxe4 fxe4 59. a6 Bb8 60. Kd2 h5 61. Ke3 h4 62.
Kxe4 h3 63. Kf3 h2 64. Kg2 g5 65. b3 Kg6 66. c4 bxc4 67. bxc4 Kf5 68. c5 Ke6 69. c6 Kd6 70. Kxh2 Kxc6+ 71. Kh3 Bf4 72. Kg4 Kb6 73. a7 Kxa7 74. Kf3 Kb6 75. Kg2 Kc7 76.
Kf3 Kd7 77. Kg4 Ke7 78. Kf3 Kf6 79. Kg4 Kg6 80. Kf3 Kf5 81. Kg2 g4 82. Kf2 Kg5 83. Kg2 Kh4 84. Kg1 g3 85. Kf1 Kh3 86. Kg1 Be3+ 87.
Kf1 g2+ 88. Ke2 g1=Q 89. Kf3 Qg2+ 90. Kxe3 Kg4 91. Kd3 Qf3+ 92. Kd4 Kf5 93. Kc4 Qe4+ 94. Kc5 Ke5 95. Kb5 Qd3+ 96. Kc5 Qc3+ 97. Kb5 Kd5 98. Ka4 Qb2 99. Ka5 Kc5 0-1

[Event "Early-Titled-Tuesday-Blitz-January-23-2024"]
[Site "Chess.com"]
[Date "2024.01.23"]
[Round "5"]
[White "ETTrainer"]
[Black "01Roman"]
[Result "0-1"]
[WhiteElo "2583"]
[BlackElo "2484"]
[TimeControl "180+1"]
[EndTime "8:57:10 PST"]
[Termination "01Roman won by resignation"]

1. d4 Nf6 2. Bg5 Ne4 3. h4 h6 4.
Bf4 d5 5. Nd2 c5 6. dxc5 Nxd2 7.
Qxd2 Nc6 8. e4 d4 9. Bb5 f6 10. e5 Qd5 11. Nf3 Qxc5 12. Bxc6+ Qxc6 13. O-O-O Qa4 14. Kb1 Bg4 15. Qxd4 Qxd4 16. Rxd4 Bxf3 17.
gxf3 Rd8 18. Rb4 b6 19. e6 Rc8 20. Ra4 a5 21. b4 Rc4 22. Be3 Rc6 23. bxa5 bxa5 24.
Re4 f5 25. Re5 g6 26. h5 Bg7 27. Rxa5 Rxe6 28. hxg6 Rxg6 29. Rxf5 Kd7 30. Kc1 Ra8 31.
Rd1+ Ke6 32. Rb5 Rxa2 33. Kd2 Kf7 34. Rd5 Rc6 35. Rc1 Bb2 36. Rb1 Bg7 37. Rc1 Bb2 38. Rb1 Bg7 39. Kd3 Raxc2 40. Rb7 R2c3+ 41. Ke4 R6c4+ 42. Kf5 Rc7 43. Rd7 Rxb7 44. Rxb7 Rc6 45. f4 Rf6+ 46. Kg4 Rg6+ 47. Kh5 Re6 48. f5 Re5 49. Kg4 Re4+ 50. Kf3 Re5 51. Kf4 h5 52. Bd4 Re1 53. Bc5 Bf6 54. Kf3 h4 55. Rb4 Rc1 56. Be3 h3 57. Bxc1 h2 58. Bf4 h1=Q+ 59. Ke2 Qg2 60. Be3 Qd5 61.
Rf4 Qa2+ 62. Kf3 Qa8+ 63. Kg4 Qh8 64. Kf3 Qh3+ 65. Ke4 Qh5 66. Kd3 Qd1+ 67. Ke4 Qc2+ 68. Kf3 Qc6+ 69. Kg3 Bg5 70. Kg4 Bxf4 71. Kxf4 Qg2 72.
Ke5 Qf3 73. Kd4 Qxf5 74. Kc4 e5 75.
Kd5 Ke7 76. Kc5 Ke6 77. Kc4 Qe4+ 78. Kc3 Kf5 79. Kd2 Kg4 80. Ke2 Qc2+ 81. Kf1 Kf3 82. Kg1 Qg6+ 83. Kf1 Qb1+ 0-1

[Event "Early-Titled-Tuesday-Blitz-January-23-2024"]
[Site "Chess.com"]
[Date "2024.01.23"]
[Round "5"]
[White "Smile2005"]
[Black "SaqoChess_Twitch"]
[Result "1-0"]
[WhiteElo "2400"]
[BlackElo "2605"]
[TimeControl "180+1"]
[EndTime "8:57:33 PST"]
[Termination "Smile2005 won by resignation"]

1. e4 c5 2. Nf3 d6 3. Bb5+ Bd7 4. Bxd7+ Qxd7 5. c4 Nc6 6. Nc3 Nf6 7. O-O g6 8.
d4 cxd4 9. Nxd4 Bg7 10. Be3 O-O 11. f3 e6 12. Qd2 Rfd8 13. Rfd1 d5 14. cxd5 exd5 15. exd5 Nxd5 16. Nxc6 bxc6 17. Nxd5 Qxd5 18. Qxd5 Rxd5 19. Rxd5 cxd5 20. Rd1 d4 21. Bf2 Rc8 22. h3 h5 23. Rd2 Rc1+ 24. Kh2 Be5+ 25. g3 h4 26. f4 Bf6 27. gxh4 a5 28. Bxd4 Bxd4 29. Rxd4 Rc2+ 30. Kg3 Rxb2 31. Ra4 Rb5 32. Kg4 Kg7 33. Rc4 Kh6 34. Ra4 Rc5 35. Ra3 Rd5 36. Ra4 f5+ 37. Kg3 Kh5 38. Ra3 Rc5 39. Rd3 Rc2 40. Ra3 Rc5 41. Rd3 a4 42. Ra3 Rc4 43. Rd3 Re4 44. Ra3 Rd4 45. Rc3 Kh6 46. Re3 Kg7 47. Ra3 Kf6 48. Rc3 Rb4 49. Ra3 Rc4 50. Rd3 Ke6 51.
h5 gxh5 52. Kh4 Rxf4+ 53. Kxh5 Rf2 54. Ra3 Rf4 55. Kg5 Re4 56. Rf3 Re5 57. Rf4 Re1 58. Rxa4 Rg1+ 59. Kf4 Rf1+ 60. Kg3 Rg1+ 61. Kf2 Rh1 62.
h4 Rh3 63. Kg2 Rc3 64. h5 Kf6 65. h6 Rc7 66. Ra6+ Kg5 67. Kf3 Rc3+ 68. Kf2 Rh3 69.
a4 Kg4 70. Rg6+ Kf4 71. a5 Rh2+ 72. Ke1 Kf3 73. a6 f4 74. a7 Rh1+ 75. Kd2 Ra1 76. h7 Ra2+ 77. Kc3 Ra3+ 78. Kb4 Rxa7 79. h8=Q Re7 80.
Qh3+ Ke4 81. Re6+ Rxe6 82. Qxe6+ Kd3 83. Qf5+ Ke3 84. Qe5+ Kf3 85. Kc3 Kg3 86. Kd3 Kg4 87.
Ke4 f3 88. Qf4+ Kh3 89. Qxf3+ Kh2 90. Qg4 Kh1 91. Kf3 1-0

[Event "Early-Titled-Tuesday-Blitz-January-23-2024"]
[Site "Chess.com"]
[Date "2024.01.23"]
[Round "5"]
[White "Paladin61"]
[Black "nihalsarin"]
[Result "1/2-1/2"]
[WhiteElo "2761"]
[BlackElo "3180"]
[TimeControl "180+1"]
[EndTime "8:57:41 PST"]
[Termination "Game drawn by repetition"]

1. Nf3 f6 2. e4 Kf7 3. d4 e6 4.
Nc3 d5 5. Bd3 Nc6 6. O-O Nb4 7.
Re1 Nxd3 8. Qxd3 c6 9. Bf4 Ne7 10. h3 Ng6 11. Bh2 Bb4 12. a3 Ba5 13. b4 Bb6 14.
Na4 Re8 15. c4 dxe4 16. Qxe4 Bc7 17. Rad1 Bxh2+ 18. Nxh2 a5 19. b5 Bd7 20. b6 Nf8 21. Nc5 Bc8 22. Qb1 Kg8 23. Nf3 Qd6 24. Qb2 a4 25.
Ne4 Qe7 26. c5 Rd8 27. Qb4 Ng6 28. Nd6 Nf4 29. Nd2 Nd3 30. Qc3 Nxe1 31. Rxe1 Rxd6 32. cxd6 Qxd6 33. Nc4 Qd5 34. Qb4 Bd7 35. Nd6 Rb8 36.
Ne4 Be8 37. Nc3 Qd7 38. Nxa4 Bf7 39. Nc5 Qd5 40. a4 e5 41. dxe5 fxe5 42. a5 Qd6 43.
a6 bxa6 44. b7 Bd5 45. Qb6 Qg6 46. g3 Qf7 47. Rd1 Qf3 48. Rxd5 Qxd5 49. Nxa6 Qd1+ 50. Kh2 Rxb7 51. Qxb7 Qe2 52. Qb6 c5 53. Qxc5 Qxa6 54. Qd5+ Kf8 55. Qxe5 h6 56. Qe3 Kg8 57. h4 Kh8 58. Kg2 Qa8+ 59. Kg1 Qa1+ 60. Kh2 Qa8 61. Qf4 Qe8 62. Qe3 Qa8 63. Kg1 Qa1+ 64. Kg2 Qa8+ 65.
f3 Qa2+ 66. Qf2 Qf7 67. g4 Qd7 68. h5 Kg8 69. Qe3 Qc6 70. Qe2 Kh8 71. Qe3 Qc2+ 72.
Kg3 Qc7+ 73. f4 Qd7 74. Qe4 Qd1 75. Qf3 Qg1+ 76. Kh3 Kh7 77. Qe4+ Kh8 78. Qe8+ Kh7 79. Qg6+ Kh8 80. Qe8+ Kh7 81. Qe4+ Kh8 82. Qf3 Kh7 83. Qd3+ Kh8 84. Qd8+ Kh7 85. Qd3+ Kh8 86. Qd8+ Kh7 87. Qd3+ 1/2-1/2